 Dungeon Crawl Stone Soup version 0.28.0-53-g5a82cb258f (webtiles) character file.

Game seed: 16977146938542856453

88 MisterFreud the Covert (level 4, 0/41 HPs)
             Began as a Gnoll Delver on June 24, 2022.
             Slain by a gnoll
             ... wielding a +0 spear
              (3 damage)
             ... on level 5 of the Dungeon.
             The game lasted 00:01:01 (860 turns).

MisterFreud the Covert (Gnoll Delver)                Turns: 860, Time: 00:01:02

Health: 0/41       AC:  3    Str: 12    XL:     4   Next: 53%
Magic:  5/5        EV: 13    Int: 11    God:
Gold:   18         SH:  0    Dex: 13    Spells: 5/5 levels left

rFire   . . .      SeeInvis .   a - +0 short sword
rCold   . . .      Faith    .   (no shield)
rNeg    . . .      Spirit   .   b - +0 leather armour
rPois   .          Reflect  .   (no helmet)
rElec   .          Harm     .   (no cloak)
rCorr   .          Rampage  .   (no gloves)
Will    .....                   (no boots)
Stlth   ++++......              (no amulet)
HPRegen 0.13/turn               (no ring)
MPRegen 0.09/turn               (no ring)

@: no status effects
A: fangs 1, strong nose, distributed training
a: no special abilities


You were on level 5 of the Dungeon.
You visited 1 branch of the dungeon, and saw 2 of its levels.

You collected 18 gold pieces.

Inventory:

Hand Weapons
 a - a +0 short sword (weapon)
Missiles
 h - 5 poisoned darts (quivered)
 i - 5 atropa-tipped darts
Armour
 b - a +0 leather armour (worn)
Wands
 g - a wand of digging (3)
Scrolls
 c - a scroll of fog
 d - a scroll of magic mapping
 e - a scroll of fear
Potions
 f - a potion of haste


   Skills:
 + Level 6.6 Fighting
 + Level 4.6 Short Blades
 + Level 1.2 Long Blades
 + Level 1.2 Axes
 + Level 1.2 Maces & Flails
 + Level 1.2 Polearms
 + Level 1.2 Staves
 + Level 1.2 Slings
 + Level 1.2 Bows
 + Level 1.2 Crossbows
 + Level 1.2 Throwing
 + Level 1.2 Armour
 + Level 4.6 Dodging
 + Level 9.6 Stealth
 + Level 1.2 Shields
 + Level 1.2 Unarmed Combat
 + Level 1.2 Spellcasting
 + Level 1.0 Conjurations
 + Level 1.0 Hexes
 + Level 1.0 Summonings
 + Level 1.0 Necromancy
 + Level 1.0 Translocations
 + Level 1.0 Transmutations
 + Level 1.0 Fire Magic
 + Level 1.0 Ice Magic
 + Level 1.0 Air Magic
 + Level 1.0 Earth Magic
 + Level 1.0 Poison Magic
 + Level 1.3 Invocations
 + Level 1.2 Evocations


You had 5 spell levels left.
You didn't know any spells.
Your spell library contained the following spells:

 Spells                   Type           Power      Damage    Failure   Level
 Confusing Touch          Hex            2%         N/A       63%         3
 Yara's Violent Unravell  Hex/Tmut       1%         3d3       100%        5
 Enfeeble                 Hex            1%         N/A       100%        7


Dungeon Overview and Level Annotations

Branches:
Dungeon (6/15)
 Temple: D:4-7

Altars:


Innate Abilities, Weirdness & Mutations

You have very sharp teeth.
Your uncanny sense of smell can sniff out nearby items.
Your experience applies equally to all skills.


Message History

The gnoll is almost dead.
The gnoll closely misses you.
You hit the gnoll.
The gnoll is almost dead.
The gnoll barely misses you.
You hit the gnoll.
You kill the gnoll!
Your Conjurations skill increases to level 1!
Your Hexes skill increases to level 1!
Your Summonings skill increases to level 1!
Your Necromancy skill increases to level 1!
Your Translocations skill increases to level 1!
Your Transmutations skill increases to level 1!
Your Fire Magic skill increases to level 1!
Your Ice Magic skill increases to level 1!
Your Air Magic skill increases to level 1!
Your Earth Magic skill increases to level 1!
Your Poison Magic skill increases to level 1!
Unknown command.
Unknown command.
i - 5 atropa-tipped darts You see here a +0 club.
You now have 18 gold pieces (gained 7).
You see here a +0 whip. 2 gnolls come into view.
The gnoll shouts!
The gnoll shouts!
You hit the gnoll.
The gnoll is moderately wounded.
You hear a shout!
The gnoll hits you with a +0 halberd!
You hit the gnoll but do no damage. Your punch misses the gnoll.
The gnoll is moderately wounded.
The gnoll hits you from afar with a +0 spear.
The gnoll hits you with a +0 halberd!
* * * LOW HITPOINT WARNING * * *
You closely miss the gnoll.
The gnoll is moderately wounded.
The gnoll hits you from afar with a +0 spear.
You die...

#.######..#...
### #)# ...# #
#.. #.# .#..#
#.# #.# #.#..#
#.# #.# # #...
#.# #.# ##.##
#g# #.# .. #g#
#.# ##@###.#
#......#
########


You could see 2 gnolls.

Vanquished Creatures
  A wyvern skeleton (D:6)
  2 adders
  2 gnolls (D:5)
5 creatures vanquished.

Notes
Turn   | Place    | Note
-------+----------+-------------------------------------------
     0 | D:5      | Reached skill level 9 in Stealth
     0 | D:5      | MisterFreud the Gnoll Delver began the quest for the Orb.
     0 | D:5      | Reached XP level 1. HP: 23/23 MP: 1/1
    21 | D:6      | Reached XP level 2. HP: 29/29 MP: 2/2
   162 | D:5      | Noticed an orc warrior
   165 | D:5      | Noticed a black bear
   506 | D:6      | Reached skill level 1 in Long Blades
   506 | D:6      | Reached skill level 1 in Axes
   506 | D:6      | Reached skill level 1 in Maces & Flails
   506 | D:6      | Reached skill level 1 in Polearms
   506 | D:6      | Reached skill level 1 in Staves
   506 | D:6      | Reached skill level 1 in Slings
   506 | D:6      | Reached skill level 1 in Bows
   506 | D:6      | Reached skill level 1 in Crossbows
   506 | D:6      | Reached skill level 1 in Throwing
   506 | D:6      | Reached skill level 1 in Armour
   506 | D:6      | Reached skill level 1 in Shields
   506 | D:6      | Reached skill level 1 in Unarmed Combat
   506 | D:6      | Reached skill level 1 in Spellcasting
   506 | D:6      | Reached skill level 1 in Invocations
   506 | D:6      | Reached skill level 1 in Evocations
   506 | D:6      | Reached XP level 3. HP: 35/35 MP: 2/4
   506 | D:6      | Reached XP level 4. HP: 41/41 MP: 2/5
   837 | D:5      | Reached skill level 1 in Conjurations
   837 | D:5      | Reached skill level 1 in Hexes
   837 | D:5      | Reached skill level 1 in Summonings
   837 | D:5      | Reached skill level 1 in Necromancy
   837 | D:5      | Reached skill level 1 in Translocations
   837 | D:5      | Reached skill level 1 in Transmutations
   837 | D:5      | Reached skill level 1 in Fire Magic
   837 | D:5      | Reached skill level 1 in Ice Magic
   837 | D:5      | Reached skill level 1 in Air Magic
   837 | D:5      | Reached skill level 1 in Earth Magic
   837 | D:5      | Reached skill level 1 in Poison Magic
   860 | D:5      | Slain by a gnoll

Illustrated notes

Levels and vault maps discovered:
D:5:      layout_basic
D:6:      layout_loops_ring, kennysheep_dice, uniq_menkaure

Skill      XL: |  1  2  3  4 |
---------------+-------------+-----
Stealth        | |  9.6
Long Blades    | 1 |  1.2
Axes           | 1 |  1.2
Maces & Flails | 1 |  1.2
Polearms       | 1 |  1.2
Staves         | 1 |  1.2
Slings         | 1 |  1.2
Bows           | 1 |  1.2
Crossbows      | 1 |  1.2
Throwing       | 1 |  1.2
Armour         | 1 |  1.2
Shields        | 1 |  1.2
Unarmed Combat | 1 |  1.2
Spellcasting   | 1 |  1.2
Invocations    | 1 |  1.3
Evocations     | 1 |  1.2
Conjurations   | 1 |  1.0
Hexes          | 1 |  1.0
Summonings     | 1 |  1.0
Necromancy     | 1 |  1.0
Translocations | 1 |  1.0
Transmutations | 1 |  1.0
Fire Magic     | 1 |  1.0
Ice Magic      | 1 |  1.0
Air Magic      | 1 |  1.0
Earth Magic    | 1 |  1.0
Poison Magic   | 1 |  1.0
Fighting       | |  6.6
Short Blades   | |  4.6
Dodging        | |  4.6

Action                   |  1- 3 |  4- 6 || total
-------------------------+-------+-------++-------
Melee: Short sword       |     8 |    34 ||    42
       Bite              |     1 |     4 ||     5
 Stab: Sleeping          |     2 |       ||     2
Armor: Leather armour    |     2 |       ||     2
Dodge: Dodged            |     6 |    19 ||    25
